 Dungeon Crawl Stone Soup version 0.28-a0-794-gafe8c5f9e9 (webtiles) character file.

Game seed: 2345800220105780566

36 AlleluiaPinecone the Magician (level 3, 0/25 HPs)
             Began as a Gnoll Wanderer on Nov 5, 2021.
             Slain by a goblin (1 damage)
             ... on level 2 of the Dungeon.
             The game lasted 00:03:46 (1591 turns).

AlleluiaPinecone the Magician (Gnoll Wanderer)      Turns: 1591, Time: 00:03:47

Health: 0/25       AC:  7    Str: 11    XL:     3   Next: 37%
Magic:  9/9        EV:  8    Int: 13    God:
Gold:   57         SH:  0    Dex: 10    Spells: 12/12 levels left

rFire   . . .      SeeInvis .   b - +0 short sword
rCold   . . .      Faith    .   (no shield)
rNeg    . . .      Spirit   .   m - +0 scale mail
rPois   .          Reflect  .   (no helmet)
rElec   .          Harm     .   (no cloak)
rCorr   .          Rampage  .   (no gloves)
Will    .....                   (no boots)
Stlth   ..........              (no amulet)
HPRegen 0.08/turn               (no ring)
MPRegen 0.11/turn               (no ring)

@: slowed, very slow
A: fangs 1, strong nose, distributed training
a: no special abilities


You were on level 2 of the Dungeon.
You visited 1 branch of the dungeon, and saw 2 of its levels.

You collected 57 gold pieces.

Inventory:

Hand Weapons
 a - a +0 shortbow
 b - a +0 short sword (weapon)
 l - a +0 dagger
Missiles
 e - 32 stones
 f - 8 arrows
 h - 11 poisoned darts (quivered)
Armour
 c - a +0 robe
 g - a +0 ring mail
 m - a +0 scale mail (worn)
Scrolls
 d - a scroll of blinking {unknown}
 j - a scroll of teleportation {unknown}
Potions
 i - 2 potions of haste {unknown}
 k - a potion of lignification {unknown}


   Skills:
 + Level 0.7 Fighting
 + Level 0.7 Short Blades
 + Level 0.7 Long Blades
 + Level 0.7 Axes
 + Level 0.7 Maces & Flails
 + Level 0.7 Polearms
 + Level 0.7 Staves
 + Level 0.7 Slings
 + Level 2.6 Bows
 + Level 0.7 Crossbows
 + Level 0.7 Throwing
 + Level 4.5 Armour
 + Level 0.7 Dodging
 + Level 0.7 Stealth
 + Level 0.7 Shields
 + Level 0.7 Unarmed Combat
 + Level 5.0 Spellcasting
 + Level 0.5 Conjurations
 + Level 0.5 Hexes
 + Level 2.1 Summonings
 + Level 0.5 Necromancy
 + Level 3.7 Translocations
 + Level 0.5 Transmutations
 + Level 0.5 Fire Magic
 + Level 0.5 Ice Magic
 + Level 0.5 Air Magic
 + Level 0.5 Earth Magic
 + Level 0.5 Poison Magic
 + Level 0.9 Invocations
 + Level 4.5 Evocations


You had 12 spell levels left.
You didn't know any spells.
Your spell library contained the following spells:

 Spells                   Type           Power      Damage    Failure   Level
 Apportation              Tloc           26%        N/A       21%         1
 Summon Small Mammal      Summ           32%        N/A       38%         1
 Call Imp                 Summ           8%         N/A       52%         2
 Teleport Other           Tloc           13%        N/A       52%         3
 Call Canine Familiar     Summ           8%         N/A       77%         3
 Summon Guardian Golem    Hex/Summ       6%         N/A       86%         3
 Summon Lightning Spire   Summ/Air       6%         N/A       99%         4


Dungeon Overview and Level Annotations

Branches:
Dungeon (2/15)

Altars:

Annotations:
D:2 Natasha


Innate Abilities, Weirdness & Mutations

You have very sharp teeth.
Your uncanny sense of smell can sniff out nearby items.
Your experience applies equally to all skills.


Message History

Natasha stares at you and mumbles some strange words.
You feel yourself slow down.
You hit Natasha.
Natasha is moderately wounded.
Natasha stares at you and mumbles some strange words.
The magic dart hits you.
The goblin shoots a stone.
The stone hits you.
You closely miss Natasha.
Natasha is moderately wounded.
Natasha casts a spell.
Natasha mumbles some strange words.
The goblin shoots a stone.
The stone hits you but does no damage.
You hit Natasha. You bite Natasha, but do no damage.
Natasha is moderately wounded.
Natasha casts a spell at you. You resist with significant effort.
The goblin hits you but does no damage. Natasha claws you.
You barely miss Natasha.
Natasha is moderately wounded.
The crimson imp blinks!
The goblin barely misses you. Natasha claws you.
You hit Natasha. Your bite misses Natasha.
Natasha is severely wounded.
The goblin hits you but does no damage.
The goblin shoots a stone.
The stone hits you. Natasha barely misses you. The shadow imp hits you.
* * * LOW HITPOINT WARNING * * *
The goblin hits you but does no damage. Natasha casts a spell at you.
You feel as though you will be slow longer.
You are too injured to fight recklessly!
You are too injured to fight recklessly!
You are too injured to fight recklessly!
You are too injured to fight recklessly!
You are too injured to fight recklessly!
You are too injured to fight recklessly!
You are too injured to fight recklessly!
You are too injured to fight recklessly!
The shadow imp gestures at you. Pain shoots through your body!
* * * LOW HITPOINT WARNING * * *
The goblin unwields a +0 hunting sling.
The goblin wields a +0 club.
The goblin hits you with a +0 club.
You die...

#...........##
#.............
#.............
#......$.<...
#...........
#..........#
###......(.h5#
.........gg##
#........@.#
#........5.#
#..........#
#..>.......#
#.<........#
##........##
##......##
########


You could see Natasha, a crimson imp (summoned), a shadow imp (summoned) and 2
goblins.

Vanquished Creatures
  An adder (D:2)
  2 endoplasms (D:1)
  A giant cockroach (D:1)
  A goblin (D:1)
  5 hobgoblins (D:1)
  2 quokkas (D:1)
  2 ball pythons (D:1)
  4 frilled lizards (D:1)
  5 kobolds (D:1)
  4 rats (D:1)
27 creatures vanquished.

Notes
Turn   | Place    | Note
-------+----------+-------------------------------------------
     0 | D:1      | AlleluiaPinecone the Gnoll Wanderer began the quest for the
                  | Orb.
     0 | D:1      | AlleluiaPinecone set off with the following items: a +0
                  | shortbow, 24 arrows, a +0 robe; and the following spells
                  | available to memorise: Apportation, Summon Small Mammal,
                  | Call Imp, Teleport Other, Call Canine Familiar, Summon
                  | Guardian Golem, Summon Lightning Spire
     0 | D:1      | Reached XP level 1. HP: 13/13 MP: 6/6
   239 | D:1      | Reached XP level 2. HP: 19/19 MP: 7/7
   615 | D:1      | Found a faded altar of an unknown god.
   730 | D:1      | Reached XP level 3. HP: 25/25 MP: 9/9
   777 | D:1      | Reached skill level 5 in Spellcasting
  1581 | D:2      | Noticed Natasha
  1591 | D:2      | HP: 1/25 [shadow imp/nerve-wracking pain[Natasha] (6)]
  1591 | D:2      | Slain by a goblin

Illustrated notes

Levels and vault maps discovered:
D:1:      dpeg_arrival_round_b, layout_loops_ring,
          chequers_ecumenical_altar_simple, hangedman_abyss_or_decor_lesser_grid
D:2:      layout_rooms, uniq_natasha

Skill      XL: |  1  2  3 |
---------------+----------+-----
Summonings     | 2 |  2.1
Spellcasting   | 5 |  5.0
Fighting       | |  0.7
Short Blades   | |  0.7
Long Blades    | |  0.7
Axes           | |  0.7
Maces & Flails | |  0.7
Polearms       | |  0.7
Staves         | |  0.7
Slings         | |  0.7
Bows           | |  2.6
Crossbows      | |  0.7
Throwing       | |  0.7
Armour         | |  4.5
Dodging        | |  0.7
Stealth        | |  0.7
Shields        | |  0.7
Unarmed Combat | |  0.7
Conjurations   | |  0.5
Hexes          | |  0.5
Necromancy     | |  0.5
Translocations | |  3.7
Transmutations | |  0.5
Fire Magic     | |  0.5
Ice Magic      | |  0.5
Air Magic      | |  0.5
Earth Magic    | |  0.5
Poison Magic   | |  0.5
Invocations    | |  0.9
Evocations     | |  4.5

Action                   || total
-------------------------++-------
Melee: Short sword       ||    19
       Dagger            ||     7
       Bite              ||     1
 Fire: Shortbow          ||    96
Armor: Robe              ||     2
       Ring mail         ||    15
       Scale mail        ||     5
Dodge: Dodged            ||    31

Table legend: (Time is in decaauts)
 A = Elapsed time spent in this place.
 B = Non-inter-level travel time spent in this place.
 C = Inter-level travel time spent in this place.
 D = Time resting spent in this place.
 E = Time spent auto-exploring this place.
 F = Levels seen in this place.
 G = Mean time per level.
                   A        B        C        D        E       F      G
               +--------+--------+--------+--------+--------+-----+--------+
         Total |   1606 |   1576 |     30 |    515 |    723 |   2 |  803.0 |
       Dungeon |   1606 |   1576 |     30 |    515 |    723 |   2 |  803.0 |
               +--------+--------+--------+--------+--------+-----+--------+

Top non-repeatable levels by time:
     D:1: 1048 daAuts
     D:2: 558 daAuts
